Unix NetHack Version 5.0.0-0 post-release - last build May  4 2026 22:22:43 (774f63e81ad911689b3a0859ea89b322d5daca8d,branch:main).

Game began 2026-05-09 01:23:06, ended 2026-05-09 23:26:47.

Eesui, chaotic male human Rogue

                                   ---------
                                   |.......|
  ---------------                  |.......|
  |.............|                  |..._...|
  |..---------..--    -------      |...%...|
  |..|.......|...-- --.......-  |  |..%%%..|  |
  |..|.......|....---.........- |. ----|---- .|    5 1Aaa   -    |       |
  |..|..._...-.....-...)[%.[... |........."$..|    1..a@& 1@.[...D..T_...|
  |..|.......|....---...) .)..- ---......$$.---    .3a&Hg   -    |       |
  |..|.......|...--  -......)-    -----|-----      .%aDa3     5
  |..---------..--    ---|---      -.......         -N---
  |.............|      -...--------........  -------[..|
  ---------------     ...........| ........  |...15)...|
                       ..........--........ --%..-------
                        ..........--.......--../.|
                          .........----.----...---
                            ............"%...%.|
                             -------------------
Eesui the Burglar       St:18/13 Dx:18 Co:15 In:16 Wi:18 Ch:11  Chaotic
Astral Plane $:627 HP:0(321) Pw:90(90) AC:-23 Xp:18/1286039 TermIll Stun T:59770

Latest messages:
 The guardian Angel of Kos hits it.
 The guardian Angel of Kos swings his silver saber at it.
 The guardian Angel of Kos hits it.
 The guardian Angel of Kos misses it.
 It misses the guardian Angel of Kos.
 Michael the invisible Patriarch swings his long sword named Giantslayer at the master lich.
 Michael the invisible Patriarch hits the master lich.
 The giant ant misses it.
 Pestilence reaches out, and you feel fever and chills.
 You feel much worse.
 Pestilence touches you!
 Michael the invisible Patriarch swings his long sword named Giantslayer at the master lich.
 Michael the invisible Patriarch hits the master lich.
 The master lich is destroyed!
 The master lich's body crumbles into dust.
 You are at Death's door.
 You miss the guardian Angel of Kos.
 You hit the guardian Angel of Kos!
 Death reaches out with its deadly touch.
 You feel your life force draining away...
 Death reaches out with its deadly touch.
 You feel your life force draining away...
 The soldier ant misses it.
 The soldier ant misses it.
 Your giant beetle eats a soldier ant corpse.
 The giant ant misses it.
 The ettin swings his club at the gremlin.
 The ettin misses the gremlin.
 The ettin swings his club at the gremlin.
 The ettin hits the gremlin.
 The gremlin hits the ettin.
 The gremlin misses the ettin.
 The gremlin bites the ettin.
 The gremlin misses the ettin.
 Pestilence reaches out, and you feel fever and chills.
 You feel much worse.
 Pestilence touches you!
 The soldier ant bites it.
 The soldier ant misses it.
 It misses the soldier ant.
 It misses the soldier ant.
 Pestilence reaches out, and you feel fever and chills.
 You feel even worse.
 You die...
 Do you want your possessions identified? [ynq] (y)
 Do you want to see your attributes? [ynq] (y)
 Do you want an account of creatures vanquished? [ynaq] (y)
 Do you want a list of extinct species? [ynq] (y)
 Do you want to see your conduct and achievements? [ynq] (y)
 Do you want to see the dungeon overview? [ynq] (y)

Inventory:
 Coins    ('$')
  $ - 627 gold pieces
 Amulets  ('"')
  X - the Amulet of Yendor named TRUE
 Weapons  (')')
  Q - 6 blessed rustproof +6 daggers (at the ready)
  b - a +3 silver saber (wielded in left hand)
  J - the blessed rustproof +6 Stormbringer (wielded in right hand)
 Armor    ('[')
  T - a blessed greased rustproof +5 orcish helm (being worn)
  W - a blessed +1 pair of leather gloves (being worn)
  F - an uncursed fireproof +3 pair of speed boots (being worn)
  M - a blessed +0 cloak of magic resistance (being worn)
  L - a blessed +2 silver dragon scale mail (being worn)
 Comestibles  ('%')
  o - 2 uncursed eucalyptus leaves
  j - an uncursed sprig of wolfsbane
  g - an uncursed lizard corpse
 Potions  ('!')
  l - an uncursed potion of booze
 Rings    ('=')
  R - an uncursed ring of conflict
  n - an uncursed ring of free action (on right hand)
  i - an uncursed ring of levitation
  s - an uncursed ring of regeneration (on left hand)
  Y - an uncursed ring of sustain ability
 Wands    ('/')
  S - a wand of cancellation (0:5)
  d - a wand of create monster (0:11)
  C - a wand of create monster (0:13)
  x - a wand of death (0:0)
  y - a wand of fire (0:6)
  z - a wand of lightning (0:6)
  q - a wand of lightning (0:3)
  c - a wand of speed monster (0:5)
  V - a wand of striking (0:4)
  P - a wand of teleportation (0:2)
  H - a wand of teleportation (0:0)
 Tools    ('(')
  f - a blessed bag of holding containing 82 items
  N - an uncursed sack containing 4 items
  w - the Bell of Opening (0:2)
  A - an uncursed blindfold
  O - an expensive camera (0:39)
  e - an uncursed lock pick
  k - an uncursed magic lamp
  v - the blessed Master Key of Thievery
  a - a blessed +0 unicorn horn
 Gems/Stones  ('*')
  B - a blessed luckstone

Contents of the bag of holding:
  268 gold pieces
  8 +0 daggers
  the rustproof +0 Fire Brand
  a cursed -1 helm of opposite alignment
  an uncursed +0 cloak of invisibility
  an uncursed +0 cloak of protection
  an uncursed rotted +0 cloak of protection
  a cursed burnt +0 oilskin cloak
  a blessed +2 gray dragon scale mail
  an uncursed sprig of wolfsbane
  an uncursed lizard corpse
  3 uncursed lizard corpses
  a blessed scroll of confuse monster
  5 uncursed scrolls of confuse monster
  a blessed scroll of create monster
  2 uncursed scrolls of create monster
  an uncursed scroll of destroy armor
  3 uncursed scrolls of earth
  a blessed scroll of fire
  2 uncursed scrolls of fire
  a cursed scroll of gold detection
  2 blessed scrolls of identify
  a blessed scroll of remove curse
  a blessed scroll of scare monster
  a blessed scroll of scare monster
  a cursed potion of acid
  a blessed potion of blindness
  an uncursed potion of confusion
  an uncursed potion of extra healing
  an uncursed potion of full healing
  a blessed potion of gain energy
  a blessed potion of restore ability
  an uncursed potion of restore ability
  2 cursed potions of restore ability
  a cursed potion of sleeping
  21 potions of holy water
  a potion of unholy water
  an uncursed ring of conflict
  a cursed ring of conflict
  a cursed ring of free action
  a blessed +3 ring of gain strength
  an uncursed ring of levitation
  an uncursed ring of polymorph control
  an uncursed +1 ring of protection
  a wand of digging (0:2)
  a wand of fire (0:3)
  a wand of fire (0:2)
  a wand of lightning (0:5)
  a wand of lightning (0:4)
  a wand of lightning (0:2)
  a wand of lightning (0:1)
  a wand of striking (0:8)
  a wand of striking (0:7)
  a wand of striking (0:7)
  a wand of striking (0:6)
  a wand of striking (0:5)
  a wand of teleportation (0:4)
  a horn of plenty (0:10)
  a can of grease (0:20)
  an uncursed stethoscope
  an uncursed towel
  an uncursed agate stone
  an uncursed amber stone
  4 uncursed amethyst stones
  2 uncursed aquamarine stones
  2 uncursed black opals
  an uncursed chrysoberyl stone
  an uncursed citrine stone
  7 uncursed diamonds
  3 uncursed emeralds
  4 uncursed fluorite stones
  6 uncursed garnet stones
  3 uncursed jacinth stones
  3 uncursed jade stones
  4 uncursed jasper stones
  4 uncursed jet stones
  an uncursed obsidian stone
  6 uncursed opals
  5 uncursed rubies
  an uncursed sapphire
  2 uncursed topaz stones
  4 uncursed turquoise stones

Contents of the sack:
  a wand of cancellation (0:6)
  a wand of cancellation (0:6)
  a wand of cancellation (0:6)
  a cursed wand of cancellation (0:5)

Eesui the Rogue's attributes:

Background:
 You were a Burglar, a level 18 male human Rogue.
 You were chaotic, on a mission for Kos
 who was opposed by Issek (lawful) and Mog (neutral).
 You were right-handed.
 You were in the endgame, on the Astral Plane.
 You entered the dungeon 59770 turns ago.
 It was nighttime.
 You had 1286039 experience points, 1273961 more were needed for level 19.

Basics:
 You had 0 out of 321 hit points.
 You had all 90 energy points (spell power).
 Your armor class was -23.
 Your wallet contained 627 zorkmids, and
 you had 268 more stashed away in your pack.
 Autopickup was on for '$?!/=+"' plus thrown.

Final Characteristics:
 Your strength was 18/13 (limit:18/100).
 Your dexterity was 18 (limit:18).
 Your constitution was 15 (peak:18, limit:18).
 Your intelligence was 16 (limit:18).
 Your wisdom was 18 (limit:18).
 Your charisma was 11 (limit:18).

Final Status:
 You were terminally sick from illness.
 You were stunned.
 You weren't hungry.
 You were unencumbered.
 You were wielding two weapons at once.
 Your two weapon skill was limited by being skilled with broadsword.
 Your two weapon skill was also limited by being skilled with saber.

Final Attributes:
 You were the Glory of Arioch.
 You were piously aligned.
 You were magic-protected.
 You were fire resistant.
 You were cold resistant.
 You were sleep resistant.
 You were disintegration resistant.
 You were shock resistant.
 You were poison resistant.
 You were level-drain resistant.
 You saw invisible.
 You were telepathic.
 You were warned.
 You had automatic searching.
 You were stealthy.
 You could teleport.
 You had teleport control.
 You regenerated.
 You had a moderate defense bonus (+9).
 You were warded.
 You took half physical damage.
 You were very fast.
 You had reflection.
 You had free action.
 You were very lucky.
 You had extra luck.
 Good luck did not time out for you.
 You are dead (4th time!).

Miscellaneous:
 You disabled loading and storing of bones levels.
 Total elapsed playing time was 12 hours, 22 minutes and 19 seconds.

Major events:
 Turn
    1: Eesui the chaotic male human Rogue entered the dungeon
 1534: attained the rank of Cutpurse (level 3)
 1624: entered the Gnomish Mines
 3839: attained the rank of Rogue (level 6)
 6612: reached Mine Town
 6784: chose an elven dagger to be named "Sting"
 6835: was bestowed with Trollsbane by Kos
10845: was bestowed with Ogresmasher by Kos
12246: entered Sokoban
12540: completed 1st Sokoban level
12844: completed 2nd Sokoban level
14675: chose a runed broadsword to be named "Orcrist"
15328: completed 3rd Sokoban level
15356: attained the rank of Pilferer (level 10)
15996: completed 4th Sokoban level
16346: acquired the Sokoban amulet of reflection
20309: entered Home 1, the Quest
24576: attained the rank of Robber (level 14)
25564: was bestowed with Fire Brand by Kos
28295: was chosen to steal souls for the Glory of Kos
28295: was bestowed with Stormbringer
30251: killed Medusa
33550: the Master of Thieves has granted access to proceed deeper into the quest
33713: entered Home 2, the Quest
33786: entered Home 3, the Quest
34085: entered Home 4, the Quest
34141: entered Home 5, the Quest
34275: entered Home 6, the Quest
34772: killed the Master Assassin
34775: found the Master Key of Thievery on the floor
34776: acquired the Bell of Opening
41432: entered Gehennom
43212: killed Juiblex
44189: bribed Baalzebub with 114 zorkmids for safe passage
45758: bribed Asmodeus with 84 zorkmids for safe passage
46838: destroyed Vlad the Impaler
46839: acquired the Candelabrum of Invocation
47980: killed Orcus
48269: killed Yeenoghu
55538: stole 900 zorkmids worth of merchandise from Schuls' liquor emporium
56668: killed the Wizard of Yendor
56676: acquired the Book of the Dead
56808: performed the invocation
57368: killed the Wizard of Yendor (2nd time)
57685: killed the high priest of Moloch
57691: acquired The Amulet of Yendor
57691: declined to make a wish
59198: entered the Elemental Planes
59198: entered Plane of Earth
59199: killed the Wizard of Yendor (3rd time)
59221: entered Plane of Air
59290: entered Plane of Fire
59358: entered Plane of Water
59436: entered the Astral Plane
59498: killed Pestilence
59520: killed Pestilence (2nd time)
59552: found Giantslayer carried by a monster
59568: averted death (poisoned by Pestilence)
59572: killed Pestilence (3rd time)
59601: attained the rank of Burglar (level 18)
59709: averted death (killed by Pestilence)
59765: killed Death
59768: averted death (poisoned by Pestilence)
59770: killed by Pestilence

Spells:
 Name                 Level Category     Fail Retention
 knock                  1   matter        55%    (gone)
 cone of cold           4   attack       100%    (gone)
 haste self             3   escape        94%    (gone)

Skills:
 Fighting Skills
   bare handed combat [Unskilled]
   two weapon combat  [Expert]
   riding             [Unskilled]
 Weapon Skills
   dagger             [Expert]
   knife              [Unskilled]
   short sword        [Basic]
   broadsword         [Skilled]
   long sword         [Unskilled]
   two-handed sword   [Unskilled]
   saber              [Skilled]
   club               [Unskilled]
   mace               [Unskilled]
   morning star       [Unskilled]
   flail              [Unskilled]
   hammer             [Unskilled]
   polearms           [Unskilled]
   spear              [Unskilled]
   crossbow           [Unskilled]
   dart               [Unskilled]
   shuriken           [Unskilled]
 Spellcasting Skills
   divination spells  [Unskilled]
   escape spells      [Unskilled]
   matter spells      [Unskilled]

Voluntary challenges:
 Character rerolling was not enabled.
 You never genocided any monsters.
 You never polymorphed an object.
 You never changed form.
 You used no wishes.
 You violated the special Sokoban rules once.
Achievements:
 You entered a shop.
 You attained the rank of Cutpurse.
 You entered the Gnomish Mines.
 You attained the rank of Rogue.
 You entered Minetown.
 You entered a temple.
 You entered Sokoban.
 You attained the rank of Pilferer.
 You completed Sokoban.
 You attained the rank of Robber.
 You defeated Medusa.
 You had the Bell of Opening.
 You entered Gehennom.
 You handled the Candelabrum of Invocation.
 You handled the Book of the Dead.
 You gained access to Moloch's Sanctum.
 You had the Amulet of Yendor.
 You reached the Elemental Planes.
 You reached the Astral Plane.
 You attained the rank of Burglar.

 The Elemental Planes:
    Astral Plane: <- You were here.
       Some temples and many altars.
       Final resting place for
          you, killed by Pestilence.
    Plane of Water:
    Plane of Fire:
    Plane of Air:
    Plane of Earth:
 The Dungeons of Doom: levels 1 to 27
    Level 1:
       An altar to Kos.
       One way stairs up to The Elemental Planes.
    Level 2: "shock res"
       A general store.
    Level 3:
       An altar to Kos.
    Level 4:
       A general store.
       Stairs down to The Gnomish Mines.
    Level 5:
       A weapon shop, a fountain.
    Level 6:
       A potion shop, a fountain.
    Level 7:
       A scroll shop.
    Level 8: "cold res"
       A fountain.
       Oracle of Delphi.
    Level 9:
       A potion shop.
       Stairs up to Sokoban, level 8.
    Level 10:
       A throne.
    Level 11:
       A weapon shop.
    Level 12:
       A throne.
    Level 13:
       A grave.
    Level 14:
    Level 15: "vault"
       A fountain.
       Portal to The Quest.
    Level 16: "GOLD DETECTION OPP ALIGN"
       Some fountains.
    Level 17:
       A primitive area.
    Level 18:
       A grave.
    Level 19: "vault"
       A fountain.
    Level 20:
    Level 21: "control"
    Level 22: "crowned"
       An altar to Kos.
    Level 23:
       A general store, a fountain.
    Level 24:
       A fountain, many trees.
    Level 25:
    Level 26: "vault"
       An altar to Kos, a throne, a fountain.
    Level 27: "dis res"
       A throne, a fountain.
       The castle.
       Connection to Gehennom.
 Gehennom: levels 28 to 49
    Level 28:
       A temple and an altar, many graves.
       Valley of the Dead.
    Level 29:
    Level 30:
    Level 31:
       A fountain.
    Level 32:
    Level 33:
    Level 34:
    Level 35:
    Level 36:
    Level 37:
    Level 38:
       Stairs up to Vlad's Tower, level 37.
    Level 39:
    Level 40:
    Level 41:
       Some shops, an altar, a grave.
    Level 42:
    Level 43:
    Level 44:
    Level 45:
    Level 46:
    Level 47: "TOWER PORTAL"
    Level 48:
    Level 49:
       A temple and an altar, many graves.
       Moloch's Sanctum.
 The Gnomish Mines: levels 5 to 12
    Level 5:
    Level 6:
    Level 7:
    Level 8:
       Many shops, a temple and an altar to Kos, some fountains, some trees.
    Level 9:
    Level 10: "pois fire res"
    Level 11:
    Level 12:
       Some fountains.
 The Quest: levels 1 to 6
    Level 1:
       Completed quest for the Master of Thieves.
    Level 2:
    Level 3:
    Level 4:
    Level 5:
    Level 6:
 Sokoban: levels 8 up to 5
    Level 5:
       Solved.
    Level 6:
       Solved.
    Level 7:
       Solved.
    Level 8:
       Solved.
 Vlad's Tower: levels 37 up to 35
    Level 35:
       A throne.
    Level 36:
    Level 37:


Vanquished creatures:
    Orcus
    Yeenoghu
 an erinys
    Juiblex
the Wizard of Yendor (thrice)
    Death
    Pestilence (4 times)
    Vlad the Impaler
  4 arch-liches
  a high cleric
  3 mastodons
    Medusa
  3 krakens
 14 iron golems
 10 master liches
  a ki-rin
  5 storm giants
  4 glass golems
  8 balrogs
  4 purple worms
  3 gray dragons
  2 gold dragons
  3 silver dragons
 11 red dragons
  2 white dragons
  5 orange dragons
  4 black dragons
  6 blue dragons
  2 green dragons
  6 yellow dragons
 28 minotaurs
  a jabberwock
the Master Assassin
 12 baluchitheria
 28 Angels
  8 demiliches
  5 stone golems
  6 master mind flayers
  5 Olog-hai
 15 pit fiends
  4 sandestins
  7 hell hounds
  7 displacer beasts
  9 titanotheres
  6 trappers
  9 baby red dragons
  a baby black dragon
  a baby blue dragon
 23 guardian nagas
 12 genetic engineers
  7 disenchanters
 26 vampire leaders
  7 skeletons
 37 aligned clerics
  8 captains
  6 shades
 10 liches
  5 clay golems
  7 nurses
  8 ice devils
  6 nalfeshnees
  3 lurkers above
  7 Aleaxes
 11 ettins
  4 golden nagas
  7 black puddings
 36 vampires
  8 lieutenants
 38 ghosts
  a knight
  a valkyrie
  2 queen bees
  5 winged gargoyles
  3 mind flayers
  6 giant mimics
  6 long worms
 10 zruties
  7 fire giants
  8 ogre tyrants
 an ice troll
 24 rock trolls
 14 umber hulks
  5 flesh golems
  8 elven monarchs
  7 doppelgangers
 26 hezrous
 27 bone devils
  9 large mimics
  5 wumpuses
 12 fire vortices
  2 couatls
 15 stalkers
 12 air elementals
 10 fire elementals
  5 earth elementals
  5 water elementals
  3 hill giants
  5 giant mummies
  6 black nagas
 16 xorns
 17 giant zombies
  7 elf-nobles
 15 sergeants
  a water demon
 12 barbed devils
 30 vrocks
  8 salamanders
 17 wargs
  4 winter wolves
 18 hell hound pups
 15 small mimics
  6 glass piercers
  8 warhorses
 14 steam vortices
 17 xans
  7 ettin mummies
  4 ogre leaders
 13 quantum mechanics
 16 trolls
  2 sasquatches
  5 wood golems
 18 mariliths
  a djinni
  4 sharks
  9 gelatinous cubes
 10 pyrolisks
 10 large dogs
  4 freezing spheres
  8 flaming spheres
 12 shocking spheres
  5 large cats
  9 tigers
 12 gargoyles
  3 dwarf rulers
  5 tengu
  7 ochre jellies
 11 leocrottas
  4 energy vortices
  3 mountain centaurs
  4 stone giants
  5 elf mummies
  5 human mummies
 11 red nagas
  5 green slimes
  3 pythons
  6 pit vipers
  4 cobras
 45 wraiths
  5 carnivorous apes
 17 ettin zombies
  2 leather golems
  5 Grey-elves
 49 soldiers
 18 amorous demons
  8 horned devils
 19 chameleons
 32 giant beetles
  7 quivering blobs
 14 cockatrices
 12 wolves
  3 winter wolf cubs
  7 lynxes
  6 panthers
 22 gremlins
  a spotted jelly
107 leprechauns
  7 orc-captains
  6 iron piercers
  5 mumakil
 13 giant spiders
  8 scorpions
  8 horses
  3 ice vortices
 15 black lights
 12 vampire bats
  3 forest centaurs
  6 gnome rulers
  7 orc mummies
 10 dwarf mummies
  6 ogres
  8 brown puddings
 10 rust monsters
 13 owlbears
  4 yetis
  4 werewolves
  2 Green-elves
  6 giant eels
 21 lizards
  4 chickatrices
  4 dingoes
  a dog
  3 housecats
  9 jaguars
  6 dwarf leaders
  6 blue jellies
  3 white unicorns
  8 gray unicorns
  8 dust vortices
 35 ravens
  4 plains centaurs
  3 gnome mummies
  5 snakes
  4 water moccasins
 13 apes
 24 human zombies
  4 rope golems
  9 Woodland-elves
 40 soldier ants
 33 fire ants
  5 bugbears
  3 imps
  4 quasits
  7 wood nymphs
 22 water nymphs
  3 mountain nymphs
 36 Mordor orcs
 11 Uruk-hai
  3 orc shamans
 12 rock piercers
  5 rock moles
  9 ponies
  7 fog clouds
 16 yellow lights
  2 shriekers
  4 violet fungi
 25 gnome leaders
 13 gnomish wizards
  4 kobold mummies
  2 red naga hatchlings
  9 gray oozes
  6 barrow wights
 17 elf zombies
 17 ghouls
  2 straw golems
  5 paper golems
 47 giant ants
  a little dog
 16 floating eyes
  2 kittens
 27 dwarves
  3 kobold leaders
  4 kobold shamans
 28 hill orcs
 29 rothes
  2 rabid rats
  a centipede
  3 giant bats
  5 monkeys
 20 orc zombies
 19 dwarf zombies
  a wererat
  4 werejackals
 10 iguanas
 93 killer bees
  6 acid blobs
  a coyote
  5 gas spores
  6 hobbits
  7 manes
  5 large kobolds
 23 hobgoblins
  6 giant rats
  9 cave spiders
  2 brown molds
  5 yellow molds
  4 green molds
  a red mold
 67 gnomes
  5 Keystone Kops
 13 garter snakes
 12 gnome zombies
 13 geckos
 20 jackals
  3 foxes
  3 kobolds
  4 goblins
  3 sewer rats
 12 grid bugs
  6 bats
 12 lichens
 13 kobold zombies
 11 newts
2847 creatures vanquished.

Extinct species:
 leprechauns (extinct)
1 species extinct.

Game over:
                       ----------
                      /          \
                     /    REST    \
                    /      IN      \
                   /     PEACE      \
                  /                  \
                  |      Eesui       |
                  |      895 Au      |
                  |    killed by     |
                  |    Pestilence    |
                  |                  |
                  |                  |
                  |       2026       |
                 *|     *  *  *      | *
        _________)/\\_//(\/(/\)/\//\/|_)_______

Goodbye Eesui the Rogue...

You died in The Astral Plane with 1443872 points,
and 895 pieces of gold, after 59770 moves.
You were level 18 with a maximum of 321 hit points when you died.

